 Dungeon Crawl Stone Soup version 0.19-a0-1532-g228a5d9 (webtiles) character file.

1524 sveltemanboy the Carver (level 8, -4/58 HPs)
             Began as a Demonspawn Gladiator on Sept 13, 2016.
             Was a Follower of Ru.
             Killed by divine providence
             ... invoked by an orc priest
              (8 damage)
             ... on level 4 of the Dungeon.
             The game lasted 00:17:37 (5126 turns).

sveltemanboy the Carver (Demonspawn Gladiator)      Turns: 5126, Time: 00:17:37

Health: -4/58      AC: 12    Str: 18    XL:     8   Next: 54%
Magic:  0/8        EV: 12    Int:  9    God:    Ru [*.....]
Gold:   223        SH:  0    Dex: 14    Spells: 0 memorised, 7 levels left

rFire  . . .     SeeInvis .     a - +1 long sword
rCold  . . .     Gourm    .     h - +0 ring mail
rNeg   . . .     Faith    .     (no shield)
rPois  .         Spirit   +     (helmet restricted)
rElec  .         Dismiss  .     l - +2 cloak
rCorr  .         Reflect  .     (no gloves)
MR     .....     Harm     .     g - +0 pair of boots
Stlth  +++.......               t - amulet of magic regeneration
                                (no ring)
                                (no ring)

@: no potions
A: horns 1, rugged brown scales 2, nightstalker 1, magic shield, magic
regeneration, inability to drink while threatened
a: Renounce Religion


You were on level 4 of the Dungeon.
You worshipped Ru.
Ru was aware of your devotion.
You were hungry.

You visited 1 branch of the dungeon, and saw 4 of its levels.

You collected 223 gold pieces.

Inventory:

Hand Weapons
 a - a +1 long sword (weapon)
 s - a +3 dagger of flaming
Missiles
 d - 2 throwing nets
 m - 148 stones (quivered)
Armour
 g - a +0 pair of boots (worn)
 h - a +0 ring mail (worn)
 l - a +2 cloak (worn)
Jewellery
 t - an amulet of magic regeneration (around neck)
Scrolls
 c - a scroll of recharging
 e - 3 scrolls of identify
 j - 2 scrolls of remove curse
 q - a scroll of fear
 r - a scroll of enchant weapon
Potions
 n - a potion of flight {unknown}
 p - 2 potions of degeneration {unknown}
Comestibles
 f - 3 bread rations
 i - 3 meat rations
 k - a beef jerky


   Skills:
 - Level 2.0 Fighting
 * Level 8.4 Long Blades
 - Level 1.7 Throwing
 - Level 3.3 Armour
 - Level 3.0 Dodging
 + Level 4.4 Stealth


You had 7 spell levels left.
You didn't know any spells.

Dungeon Overview and Level Annotations

Branches:
Dungeon (4/15)
 Temple: D:4-7

Altars:
Cheibriados
Dithmenos
Nemelex Xobeh
Okawaru
Ru


Innate Abilities, Weirdness & Mutations

You have a pair of small horns on your head.
You are mostly covered in rugged brown scales. (AC +2, +5% HP)
You are slightly more attuned to the shadows.
When hurt, damage is shared between your health and your magic reserves.
You regenerate magic rapidly.
You cannot drink potions while threatened.


Message History

Beogh smites you! Pikel hits you with a whip of freezing.
* * * LOW HITPOINT WARNING * * *
Pikel freezes you.
* * * LOW HITPOINT WARNING * * *
You hear a shout!
You hit Pikel.
Pikel is almost dead.
The orc priest invokes the aid of Beogh against you.
Beogh smites you!
* * * LOW HITPOINT WARNING * * *
Pikel hits you but does no damage.
You slash Pikel!
You kill Pikel!
Your Long Blades skill increases to level 8!
Your Stealth skill increases to level 4!
Something hits the orc priest.
The freed slave hits the orc priest.
The orc priest calls down the wrath of Beogh upon you.
Beogh smites you!
You die...

#.Oo............# #.K.
####.pZ...##.......# ..
#.....o...##..K....##..
#o##..###.##§.§§.......
#.#.....####§§§§.>....
#o...##..##.§§§§po.##
#...##....##.§.§.o.#
#...#._...######o####
##..##....#....@....#
.....
#...##..##.........#
......
##.....###........##
#....# ##..###
#........#####+##....#
####
#..............##...#
##.......##....##...##
###########..........#
#....................#
#..........>.......).#


You could see 2 orc priests, an orc (wandering) and a neutral freed slave
(wandering).

Vanquished Creatures
  Pikel (D:4)
  A phantom (D:3)
  2 ogres
  A scorpion (D:3)
  3 gnoll shamans (D:3)
  A hound (D:4)
  A centaur skeleton (D:4)
  An iguana (D:4)
  A worker ant (D:3)
  43 gnolls (D:3)
  4 adders
  An ooze (D:1)
  2 worms
  A dart slug (D:3)
  A giant gecko (D:1)
  6 orcs
  5 giant cockroaches
  6 goblins
  11 hobgoblins
  14 jackals
  2 quokkas
  10 bats
  5 giant newts
  9 kobolds
  9 rats
141 creatures vanquished.

Notes
Turn   | Place    | Note
-------+----------+-------------------------------------------
     0 | D:1      | sveltemanboy the Demonspawn Gladiator began the quest for the Orb.
     0 | D:1      | Reached XP level 1. HP: 16/16 MP: 1/1
    96 | D:1      | Reached skill level 3 in Long Blades
   160 | D:1      | Gained mutation: You are partially covered in rugged brown scales. (AC +1, +3% HP) [demonic ancestry]
   160 | D:1      | Reached XP level 2. HP: 16/22 MP: 2/2
   373 | D:1      | You fall through a shaft!
  1134 | D:2      | Gained mutation: When hurt, damage is shared between your health and your magic reserves. [demonic ancestry]
  1134 | D:2      | Reached XP level 3. HP: 22/27 MP: 3/3
  1512 | D:2      | You fall through a shaft for 2 floors!
  1515 | D:4      | Found a sacrificial altar of Ru.
  1522 | D:4      | Became a worshipper of Ru the Awakened
  1572 | D:4      | Reached skill level 1 in Armour
  1627 | D:4      | Noticed Pikel
  1627 | D:4      | Noticed a slave
  1627 | D:4      | Noticed a slave
  1628 | D:4      | Noticed a slave
  1676 | D:4      | Gained mutation: You are mostly covered in rugged brown scales. (AC +2, +5% HP) [demonic ancestry]
  1676 | D:4      | Reached XP level 4. HP: 16/34 MP: 1/4
  1851 | D:4      | Found an iron altar of Okawaru.
  1851 | D:4      | Noticed an ogre
  1865 | D:4      | Found a shadowy altar of Dithmenos.
  1995 | D:3      | Reached skill level 4 in Long Blades
  1996 | D:3      | Found a sparkling altar of Nemelex Xobeh.
  2509 | D:3      | Noticed a phantom
  2547 | D:3      | Killed a phantom
  2547 | D:3      | Gained mutation: You have a pair of small horns on your head. [demonic ancestry]
  2547 | D:3      | Reached XP level 5. HP: 35/39 MP: 3/5
  2752 | D:3      | Gained mutation: You cannot drink potions while threatened. [Ru sacrifice]
  2752 | D:3      | Reached * piety under Ru
  2833 | D:3      | Reached skill level 5 in Long Blades
  2893 | D:3      | Gained mutation: You are slightly more attuned to the shadows. [demonic ancestry]
  2893 | D:3      | Reached XP level 6. HP: 38/46 MP: 6/6
  3403 | D:3      | Reached skill level 6 in Long Blades
  3613 | D:3      | Reached XP level 7. HP: 52/52 MP: 7/7
  3683 | D:3      | Reached skill level 1 in Stealth
  3824 | D:3      | Found a snail-covered altar of Cheibriados.
  4634 | D:3      | Reached skill level 7 in Long Blades
  4937 | D:4      | Gained mutation: You regenerate magic rapidly. [demonic ancestry]
  4937 | D:4      | Reached XP level 8. HP: 33/58 MP: 5/8
  5125 | D:4      | Killed Pikel
  5125 | D:4      | Reached skill level 8 in Long Blades
  5126 | D:4      | Killed from afar by an orc priest

Vault maps used:
D:1:      noname_arrival_rooms_in_the_neighbourhood, minmay_misc_feat_rows
D:3:      lemuel_castle_with_subvaults, nemelex_xobeh_ov_fountains_minmay,
          cheibriados_altar_1, lightli_sewer_entry_pipes
D:4:      nicolae_dithmenos_through_a_glass_darkly, bloody_makhleb,
          lemuel_crystal_altar, nicolae_ru_awakened_eye, first_bread, hex_large,
          uniq_pikel

Skill      XL: |  1  2  3  4  5  6  7  8 |
---------------+-------------------------+-----
Long Blades    | 3 4 5 6 7 8 |  8.4
Dodging        | 3 |  3.0
Armour         | 1 2 3 |  3.3
Stealth        | 3 4 |  4.4
Fighting       | |  2.0
Throwing       | |  1.7

Action                   |  1- 3 |  4- 6 |  7- 9 || total
-------------------------+-------+-------+-------++-------
Melee: Long sword        |   101 |   213 |   229 ||   543
       Headbutt          |       |    28 |    47 ||    75
       Dagger            |       |       |     7 ||     7
Throw: Throwing net      |     2 |     1 |     1 ||     4
       Stone             |       |       |     6 ||     6
Invok: Sacrifice Drink   |       |     1 |       ||     1
  Use: Scroll            |     3 |     4 |     1 ||     8
       Potion            |     1 |     5 |       ||     6
 Stab: Sleeping          |     2 |       |     3 ||     5
       Held in net/web   |     1 |       |     1 ||     2
       Invisible         |       |     1 |       ||     1
       Distracted        |       |       |     2 ||     2
  Eat: Chunk             |     2 |     5 |     5 ||    12
       Royal jelly       |       |     1 |       ||     1
Armor: Leather armour    |    20 |       |       ||    20
       Ring mail         |     1 |    73 |    64 ||   138
Dodge: Dodged            |    46 |   141 |    98 ||   285
